 Dungeon Crawl Stone Soup version 0.16-a0-783-gf476f6a (webtiles) character file.

347 MRaven the Covered (level 6, 0/49 HPs)
             Began as a Formicid Abyssal Knight on Sept 26, 2014.
             Was a Priest of Lugonu.
             Slain by an ogre
             ... wielding a +0 giant spiked club
              (18 damage)
             ... on Level 4 of the Dungeon.
             The game lasted 00:18:55 (4683 turns).

MRaven the Covered (Formicid Abyssal Knight)        Turns: 4683, Time: 00:18:55

HP   0/49        AC  7     Str 18      XL: 6   Next: 90%
MP  12/12        EV 10     Int 12      God: Lugonu [***...]
Gold 139         SH  0     Dex 10      Spells:  0 memorised,  5 levels left

rFire  . . .     SeeInvis +     a - +1 falchion
rCold  . . .     Clarity  +     h - +0 ring mail (curse)
rNeg   . . .     rCorr    .     (no shield)
rPois  .         rRot     .     (helmet unavailable)
rElec  .         Spirit   .     (no cloak)
SustAb .         Warding  .     (no gloves)
rMut   .         Stasis   +     e - +0 pair of boots
Gourm  .                        n - amulet of clarity
MR     .....                    (no ring)
                                (no ring)

@: not resistant to hostile enchantments, extremely unstealthy
A: permanent stasis, dig shafts and tunnels, four strong arms, antennae 3
a: Dig, Shaft Self, Depart the Abyss, Bend Space, Banish, Renounce Religion


You were on level 4 of the Dungeon.
You worshipped Lugonu.
Lugonu was most pleased with you.
You were very hungry.

You visited 1 branch of the dungeon, and saw 4 of its levels.
You visited the Abyss 1 time.

You collected 139 gold pieces.

Inventory:

Hand weapons
 a - a +1 falchion (weapon)
 d - a +0 hunting sling
Missiles
 k - a throwing net (quivered)
Armour
 e - a +0 pair of boots (worn)
 h - a cursed +0 ring mail (worn)
 m - a gold dragon hide
Magical devices
 p - a wand of flame (13)
Comestibles
 c - a bread ration
 l - 4 fruits
 q - a meat ration
Scrolls
 b - 3 scrolls of enchant weapon {unknown}
 f - a scroll of recharging {unknown}
 g - 2 scrolls of identify
 j - a scroll of amnesia {unknown}
 o - a scroll of magic mapping {unknown}
 r - 2 scrolls of remove curse {unknown}
Jewellery
 n - an amulet of clarity (around neck)
Potions
 i - a potion of magic
 s - a potion of haste {unknown}


   Skills:
 + Level 4.3 Fighting
 + Level 3.4 Long Blades
 * Level 5.1 Armour
 - Level 0.8 Dodging
 + Level 4.0 Invocations


You had 5 spell levels left.
You didn't know any spells.

Dungeon Overview and Level Annotations

Branches:
Dungeon (4/15)
 Temple: D:4-7

Altars:
Xom
Yredelemnul

Shops:
D:4 *

Annotations:
D:4 casual's ghost, average DrTm


Innate Abilities, Weirdness & Mutations

Your are under a permanent stasis effect.
You can dig through walls and to a lower floor.
Your four strong arms can wield two-handed weapons with a shield.
You have a pair of large antennae on your head (SInv).


Message History

The ogre is lightly wounded.
The ogre hits you with a giant spiked club.
You hit the ogre.
The ogre is lightly wounded.
The ogre closely misses you.
You slash the ogre!
The ogre is moderately wounded.
The ogre closely misses you.
You slash the ogre!
The ogre is heavily wounded.
You hit the ogre.
The ogre is severely wounded.
The ogre closely misses you.
You hit the ogre.
The ogre is severely wounded.
The ogre hits you with a giant spiked club!
You completely miss the ogre.
The ogre is severely wounded.
The ogre hits you with a giant spiked club!!
You die...

### .. #.######
#.#....# #......#
#.##.#......#
#......@#...######
####.##O###......# ..
#.# #......# ... #.#
#......###
..##.###........#####
O....................
.##.###..###.∩.#....
. #.......##...#..##
#{#####..#[######..#


You could see an ogre.

Vanquished Creatures
  An ogre (D:4)
  An orc priest (D:3)
  2 orc wizards
  5 adders
  4 gnolls (D:3)
  3 worms (D:2)
  2 oozes
  10 orcs
  6 bats
  8 hobgoblins
  4 jackals (D:1)
  6 kobolds
  A quokka (D:2)
  4 giant cockroaches
  A giant gecko (D:3)
  2 giant newts (D:3)
  7 goblins
  11 rats
  A rat skeleton (D:4)
79 creatures vanquished.

Notes
Turn   | Place    | Note
--------------------------------------------------------------
     0 | Abyss:1  | MRaven, the Formicid Abyssal Knight, began the quest for the Orb.
     0 | Abyss:1  | Reached XP level 1. HP: 18/18 MP: 1/1
    45 | Abyss:1  | Noticed a small abomination
    46 | D:1      | Escaped the Abyss
   260 | D:1      | Reached XP level 2. HP: 24/24 MP: 3/3
   287 | D:1      | Acquired Lugonu's first power
  1010 | D:2      | Found a basalt altar of Yredelemnul.
  1106 | D:2      | Reached XP level 3. HP: 14/29 MP: 5/5
  1530 | D:2      | Found a shimmering altar of Xom.
  1884 | D:2      | Reached XP level 4. HP: 35/37 MP: 6/6
  2143 | D:2      | Acquired Lugonu's second power
  2537 | D:2      | Reached XP level 5. HP: 28/42 MP: 10/10
  2824 | D:2      | Reached skill level 4 in Armour
  3558 | D:3      | Reached XP level 6. HP: 44/48 MP: 12/12
  3809 | D:3      | Acquired Lugonu's third power
  4199 | D:4      | Noticed casual's ghost (average DrTm)
  4454 | D:4      | Reached skill level 5 in Armour
  4632 | D:4      | Found Fraxolaz's Assorted Antiques.
  4683 | D:4      | Slain by an ogre

Action                   |  1- 3 |  4- 6 || total
-------------------------+-------+-------++-------
Melee: Falchion          |   119 |   253 ||   372
Throw: Throwing net      |     1 |     1 ||     2
Invok: Depart the Abyss  |     1 |       ||     1
       Bend Space        |       |     1 ||     1
Evoke: Wand              |       |     4 ||     4
  Use: Scroll            |     3 |       ||     3
       Potion            |     1 |     3 ||     4
 Stab: Held in net/web   |       |     1 ||     1
  Eat: Chunk             |     2 |     5 ||     7
       Bread ration      |       |     1 ||     1
